 Dungeon Crawl Stone Soup version 0.21-a0-153-g78480df (webtiles) character file.

42 p0werm0de the Vexing (level 3, -21/26 HPs)
             Began as a Demonspawn Enchanter on Aug 2, 2017.
             Was a Follower of Hepliaklqana.
             Killed from afar by Necuametl the ancestor (43 damage)
             ... with an exploding inner flame
             ... created by the player character
             ... hexed by the player character
             ... on level 2 of the Dungeon.
             The game lasted 00:02:26 (941 turns).

p0werm0de the Vexing (Demonspawn Enchanter)          Turns: 941, Time: 00:02:27

Health: -21/26     AC:  7    Str:  9    XL:     3   Next: 33%
Magic:  6/6        EV: 12    Int: 16    God:    Hepliaklqana [*.....]
Gold:   19         SH:  0    Dex: 13    Spells: 2/6 levels left

rFire    . . .     SeeInvis .   s - -3 whip (curse)
rCold    . . .     Gourm    .   (no shield)
rNeg     . . .     Faith    .   o - +0 ring mail
rPois    .         Spirit   .   (no helmet)
rElec    .         Reflect  .   (no cloak)
rCorr    .         Harm     .   m - +0 pair of gloves
MR       .....                  k - +0 pair of boots (curse)
Stlth    +.........             (no amulet)
HPRegen  0.08/turn              (no ring)
MPRegen  0.10/turn              (no ring)

@: no status effects
A: reduced essence, repulsion field 1, demonic guardian 1
a: Recall Ancestor, Ancestor Identity, Renounce Religion


You were on level 2 of the Dungeon.
You worshipped Hepliaklqana.
Hepliaklqana was aware of your devotion.
You were not hungry.

You visited 1 branch of the dungeon, and saw 2 of its levels.

You collected 19 gold pieces.

Inventory:

Hand Weapons
 a - a +0 halberd
 p - a +1 dagger
 s - a cursed -3 whip (weapon)
Missiles
 e - 41 stones (quivered)
 h - 13 arrows
 n - 13 poisoned needles
Armour
 b - a +0 robe
 k - a cursed +0 pair of boots (worn)
 m - a +0 pair of gloves (worn)
 o - a +0 ring mail (worn)
Scrolls
 f - a scroll of immolation
Potions
 i - 2 potions of degeneration {unknown}
 q - a potion of agility {unknown}
Books
 c - a book of Maledictions

   Spells                             Type                      Level
   a - Corona                         Hexes                        1
   b - Ensorcelled Hibernation        Hexes/Ice                    2
   c - Confuse                        Hexes                        3
   d - Tukima's Dance                 Hexes                        3
   e - Dazzling Spray                 Conjuration/Hexes            3
Comestibles
 d - 2 bread rations
 g - 2 meat rations
 l - 6 chunks of flesh


   Skills:
 * Level 3.0 Fighting
 - Level 0.8 Short Blades
 - Level 1.7 Dodging
 - Level 2.6 Stealth
 - Level 2.0 Spellcasting
 - Level 3.0 Hexes


You had 2 spell levels left.
You knew the following spells:

 Your Spells              Type           Power        Failure   Level  Hunger
a - Corona                Hex            ##.....      17%         1    #......
c - Confuse               Hex            ##......     45%         3    ###....


Dungeon Overview and Level Annotations

Branches:
Dungeon (2/15)

Altars:
Hepliaklqana


Innate Abilities, Weirdness & Mutations

You are surrounded by a mild repulsion field. (EV +2)
A weak demonic guardian rushes to your aid.
Your life essence is reduced to manifest your ancestor. (-10% HP)


Message History

The kobold closely misses you.
The hobgoblin barely misses Necuametl.
You closely miss the kobold. The kobold closely misses you.
The hobgoblin hits Necuametl but does no damage.
You barely miss the kobold. The kobold hits you but does no damage.
The hobgoblin hits Necuametl with a club.
You hit the kobold but do no damage. The kobold hits you but does no damage.
The hobgoblin hits Necuametl with a club.
You hit the kobold but do no damage. The kobold barely misses you.
The hobgoblin hits Necuametl but does no damage.
The kobold hits you but does no damage.
You completely miss the kobold. The kobold closely misses you.
The hobgoblin hits Necuametl with a club.
You hit the kobold but do no damage. The kobold misses you.
The hobgoblin hits Necuametl with a club.
Necuametl the ancestor explodes!
The fiery explosion engulfs the hobgoblin.
You kill the hobgoblin!
The fiery explosion engulfs you!
Ouch! That really hurt!
You die...

..... .... ... ##..
#.. #.# ###
####§###...###
#....§@K.....#
#.##§##....#..
###.##.# .#.##
##§§§##.. .. #
##§§§§§####.##
####§§§§§§.###.#
#...§§§§§......#
..##.##§§§§.......#
#...#
.......§§§.....##.#
#...#


You could see a kobold.

Vanquished Creatures
  A giant cockroach (D:1)
  4 goblins (D:1)
  2 hobgoblins
  2 jackals (D:1)
  2 bats (D:1)
  A frilled lizard (D:1)
  4 kobolds
  A rat (D:2)
17 creatures vanquished.

Vanquished Creatures (collateral kills)
  4 gnolls (D:2)
  A goblin (D:2)
  A quokka (D:2)
6 creatures vanquished.

Grand Total: 23 creatures vanquished

Notes
Turn   | Place    | Note
-------+----------+-------------------------------------------
     0 | D:1      | p0werm0de the Demonspawn Enchanter began the quest for the Orb.
     0 | D:1      | Reached XP level 1. HP: 13/13 MP: 3/3
   382 | D:1      | Reached skill level 1 in Fighting
   623 | D:1      | Gained mutation: A weak demonic guardian rushes to your aid. [demonic ancestry]
   623 | D:1      | Reached XP level 2. HP: 17/21 MP: 5/5
   688 | D:1      | Reached skill level 2 in Fighting
   791 | D:2      | Gained mutation: You are surrounded by a mild repulsion field. (EV +2) [demonic ancestry]
   791 | D:2      | Reached XP level 3. HP: 22/28 MP: 6/6
   802 | D:2      | Reached skill level 3 in Fighting
   819 | D:2      | Learned a level 3 spell: Confuse
   825 | D:2      | Found a faded altar of an unknown god.
   885 | D:2      | Became a worshipper of Hepliaklqana the Forgotten
   885 | D:2      | Reached * piety under Hepliaklqana
   941 | D:2      | Killed from afar by Necuametl the ancestor

Vault maps used:
D:1:      mrwooster_arrival_arrow, kennysheep_boxes
D:2:      chequers_ecumenical_altar_simple_redux, minmay_tetromino_t2

Skill      XL: |  1  2  3 |
---------------+----------+-----
Fighting       | 1 2 3 |  3.0
Short Blades   | |  0.8
Dodging        | |  1.7
Stealth        | |  2.6
Spellcasting   | |  2.0
Hexes          | |  3.0

Action                   || total
-------------------------++-------
Melee: Dagger            ||    72
       Whip              ||    14
       Halberd           ||     2
Invok: Ancestor Identity ||     1
  Use: Scroll            ||     3
Armor: Robe              ||    24
       Ring mail         ||    11
       Skin              ||     1
Dodge: Dodged            ||    72
